[Event "2nd Cambridge Open 2024"]
[Site "Cambridge"]
[Date "2024.02.21"]
[Round "5.2"]
[White "Fernandez, Daniel Howard"]
[Black "Tiviakov, Sergei"]
[Result "1/2-1/2"]
[ECO "E16"]
[WhiteElo "2525"]
[BlackElo "2537"]
[Annotator "TA"]
[PlyCount "65"]
[EventDate "2024.02.18"]
[EventType "swiss"]
[EventCountry "ENG"]
[SourceTitle "playchess.com"]
[Source "ChessBase"]
[SourceQuality "1"]
[TimeControl "5400+30"]

1. Nf3 Nf6 2. c4 b6 3. g3 Bb7 4. Bg2 e6 5. O-O Be7 6. d4 c6 7. Nc3 d5 8. Nd2 O-O 9. e4 Na6 10. b3 (10. e5 $14 Nd7 11. cxd5 cxd5 12. a3) 10... c5 {[%emt 0:25:14] The position is equal.} 11. exd5 {[%emt 0:03:53][%cal Od5d6] [#] And now d6! would win.} exd5 12. dxc5 Nxc5 13. Ba3 Rb8 14. Nxd5 Nxd5 15. cxd5 Bxd5 16. Re1 {[%emt 0:01:00] [#] Threatens to win with Bxd5.} Bxg2 17. Kxg2 Ne6 18. Bxe7 Qxe7 19. Nf3 Qb7 20. Qe2 Rfe8 21. Qe4 {[%emt 0:01:04] Prevents Nf4+} Qxe4 22. Rxe4 Rbc8 23. h4 Kf8 24. b4 Rc2 25. a4 Rd8 26. a5 b5 27. Rae1 g6 28. R1e3 Kg7 29. h5 Rd6 30. Ne1 Rcd2 31. Nf3 Rc2 32. Ne1 Rcd2 33. Nf3 {[%emt 0:00:06] Weighted Error Value: White=0.04 (flawless) /Black=0.02 (flawless) .  Mistake:       	White=1     	---        OK:         	White=11    	Black=10} 1/2-1/2

[Event "2nd Cambridge Open 2024"]
[Site "Cambridge"]
[Date "2024.02.21"]
[Round "5.3"]
[White "Wadsworth, Matthew J"]
[Black "Willow, Jonah B"]
[Result "1/2-1/2"]
[ECO "D35"]
[WhiteElo "2450"]
[BlackElo "2434"]
[Annotator "TA"]
[PlyCount "111"]
[EventDate "2024.02.18"]
[EventType "swiss"]
[EventCountry "ENG"]
[SourceTitle "playchess.com"]
[Source "ChessBase"]
[SourceQuality "1"]
[TimeControl "5400+30"]

1. d4 Nf6 2. c4 e6 3. Nf3 d5 4. Nc3 Nbd7 5. Bf4 Bb4 6. cxd5 exd5 7. e3 Ne4 8. Qc2 g5 9. Be5 Nxe5 {[%emt 0:00:21] White is slightly better.} 10. Nxe5 {[%emt 0:00:38] [#] Black must now prevent Qa4+.} c6 11. Bd3 f6 12. Nf3 Qe7 13. a3 Bxc3+ 14. bxc3 Nd6 15. Nd2 Be6 16. c4 dxc4 17. Nxc4 Nxc4 18. Bxc4 O-O-O 19. O-O f5 (19... Bxc4 $11 {was preferrable.} 20. Qxc4 Kb8) 20. Rab1 Bxc4 21. Qxc4 Rd5 22. Rfc1 Rhd8 23. Qa4 Qc7 $1 24. Qxa7 {[%emt 0:07:53] [#] Threatens to win with Qa8+.} Ra5 25. Qb6 Qxb6 26. Rxb6 Rxa3 $11 {[%emt 0:00:07][%mdl 4096] Endgame. KRR-KRR} 27. Rb5 f4 28. Re5 g4 29. g3 fxe3 30. fxe3 Rf8 31. d5 {[%emt 0:01:38] The position is equal.} Rf6 32. Re7 h6 33. e4 {[%emt 0:01:56] Hoping for e5.} Ra2 34. Rh7 Re2 35. Ra1 Kb8 {[%emt 0:00:04] Repels Ra8+} 36. Rb1 Rxe4 37. dxc6 Rxc6 38. Rbxb7+ Kc8 39. Rbf7 {[%emt 0:00:50] White wants to mate with Rh8+.} Rc1+ 40. Rf1 Rxf1+ 41. Kxf1 {[%emt 0:00:01] KR-KR} Re6 42. Rg7 Re4 43. Rg6 h5 44. Rg5 Kd7 45. Rxh5 Ke6 46. Kf2 Kf6 47. Ra5 Rb4 48. Ke3 Rb3+ 49. Kd4 Rb2 50. Rh5 Kg6 51. Rh8 Kg5 52. Ke4 Rb4+ 53. Ke5 Rb5+ 54. Ke4 Rb4+ 55. Ke5 Rb5+ 56. Ke4 {[%emt 0:00:13] Weighted Error Value: White=0.05 (flawless) /Black=0.03 (flawless) .  Mistake:       	---       	Black=1      Inaccurate:     	White=2     	Black=1      OK:         	White=19    	Black=29     Best:        	White=1     	Black=2      Strong:       	---       	Black=1} 1/2-1/2

[Event "2nd Cambridge Open 2024"]
[Site "Cambridge"]
[Date "2024.02.21"]
[Round "5.4"]
[White "Adams, Michael"]
[Black "Fava, Lorenzo"]
[Result "1/2-1/2"]
[ECO "B12"]
[WhiteElo "2674"]
[BlackElo "2084"]
[Annotator "TA"]
[PlyCount "43"]
[EventDate "2024.02.18"]
[EventType "swiss"]
[EventCountry "ENG"]
[SourceTitle "playchess.com"]
[Source "ChessBase"]
[SourceQuality "1"]
[TimeControl "5400+30"]

1. e4 c6 2. d4 d5 3. e5 c5 4. Nf3 cxd4 5. Nxd4 Nc6 6. Nxc6 bxc6 7. Bd3 e6 8. O-O {[%emt 0:01:03] The position is equal.} Ne7 9. Nd2 Ng6 10. Nf3 Be7 11. Re1 O-O 12. c4 c5 13. Qc2 Bb7 14. cxd5 Bxd5 15. Be4 Bxe4 16. Qxe4 Rb8 17. Nd2 Rb4 18. Qc6 Bg5 19. Nf3 Bxc1 20. Rexc1 Rxb2 {[%emt 0:03:30] White must now prevent ...Nf4.} 21. Qxc5 Nf4 {[%emt 0:03:46] [#] ...Ne2+ would now be deadly.} 22. Rc2 {[%emt 0:02:49] Weighted Error Value: White=0.07 (flawless) /Black=0.05 (flawless) .  Inaccurate:     	White=2     	Black=1      OK:         	White=7     	Black=8} 1/2-1/2

[Event "2nd Cambridge Open 2024"]
[Site "Cambridge"]
[Date "2024.02.21"]
[Round "5.5"]
[White "Pert, Richard G"]
[Black "Royal, Shreyas"]
[Result "1/2-1/2"]
[ECO "D02"]
[WhiteElo "2411"]
[BlackElo "2459"]
[Annotator "TA"]
[PlyCount "46"]
[EventDate "2024.02.18"]
[EventType "swiss"]
[EventCountry "ENG"]
[SourceTitle "playchess.com"]
[Source "ChessBase"]
[SourceQuality "1"]
[TimeControl "5400+30"]

1. d4 d5 2. Nf3 Nf6 3. Bf4 c5 4. e3 Nc6 5. Nbd2 Nh5 6. Be5 e6 {[%emt 0:00:39] The position is equal.} 7. c4 cxd4 8. cxd5 Qxd5 9. Bxd4 Bb4 10. a3 Nxd4 11. Nxd4 Bxd2+ 12. Qxd2 O-O 13. Nf3 Qxd2+ 14. Kxd2 Rd8+ 15. Bd3 b6 16. Ke2 Bb7 17. Rhd1 Rac8 18. Rac1 Nf6 19. Bb5 Rxd1 20. Rxc8+ (20. Kxd1 $2 {perishes.} Rxc1+ 21. Kxc1 Ng4 $19 (21... Ne4 22. Nd4 $15)) 20... Bxc8 21. Kxd1 Bb7 22. Ke2 Kf8 23. g3 a6 {[%emt 0:00:06] Not much happened in this game.   Weighted Error Value: White=0.04 (flawless) /Black=0.04 (flawless) .  OK:         	White=8     	Black=7} 1/2-1/2

[Event "2nd Cambridge Open 2024"]
[Site "Cambridge"]
[Date "2024.02.21"]
[Round "5.6"]
[White "Pozzari, Simone"]
[Black "Turner, Matthew J"]
[Result "1/2-1/2"]
[ECO "D15"]
[WhiteElo "2282"]
[BlackElo "2448"]
[Annotator "TA"]
[PlyCount "77"]
[EventDate "2024.02.18"]
[EventType "swiss"]
[EventCountry "ENG"]
[SourceTitle "playchess.com"]
[Source "ChessBase"]
[SourceQuality "1"]
[TimeControl "5400+30"]

1. d4 d5 2. c4 c6 3. Nc3 Nf6 4. e3 a6 5. Nf3 Bf5 6. Nh4 Bg6 7. Nxg6 hxg6 8. a3 Nbd7 9. Qb3 Qb6 10. Qxb6 Nxb6 11. c5 Nbd7 12. f4 Ne4 13. Nxe4 dxe4 14. b4 Nf6 15. Bc4 e6 16. Bd2 Be7 17. O-O Nd5 18. a4 Kd7 (18... f5 {simplifies} 19. Bxd5 exd5 20. g3 Kf7) 19. b5 axb5 20. axb5 Nc7 21. b6 Nd5 22. Rfb1 Rxa1 23. Rxa1 f5 24. Ra7 Rb8 25. Kf2 g5 26. fxg5 Bxg5 27. Ke2 g6 28. Be1 {[%emt 0:06:50] Threatens to win with Bxd5.} Nxe3 29. Ba6 {[%emt 0:00:57] aiming for Bd2.} Nc2 {[%emt 0:00:13] [#]} (29... e5 $1 $11 {keeps the balance.} 30. dxe5 (30. Bxb7 $2 {too greedy.} exd4 31. Ba5 d3+ 32. Kf2 Ke6 $19) 30... Nxg2 31. Bxb7 (31. Rxb7+ Rxb7 32. Bxb7 Nf4+ 33. Kf1 Ne6 $15) 31... Nxe1 32. Kxe1 Bd8 (32... Be3 33. Bc8+ Kxc8 34. Rc7+ Kd8 35. Rh7 $11)) 30. Bc3 $1 $16 (30. Rxb7+ Rxb7 31. Bxb7 Nxd4+ 32. Kd1 Be7 $17) 30... Kc8 31. Bc4 Bf6 ({Better is} 31... Kd7 $14) 32. Bxe6+ Kd8 33. Ra4 {[%emt 0:00:45] Bb3 would now be deadly.} f4 {[%emt 0:00:25] [#]} 34. Bf7 (34. Ba2 $142 $1) 34... Ke7 35. Bxg6 {[%emt 0:00:06] White is slightly better.} Rd8 36. Bxe4 Nxd4+ 37. Bxd4 Rxd4 38. Rxd4 Bxd4 39. Kf3 {[%emt 0:00:35] Weighted Error Value: White=0.09 (flawless) /Black=0.13 (very precise) .  Mistake:       	White=1     	Black=2      Inaccurate:     	White=2     	Black=3      OK:         	White=12    	Black=12     Best:        	White=1     	Black=3      Strong:       	White=1     	---} 1/2-1/2

[Event "2nd Cambridge Open 2024"]
[Site "Cambridge"]
[Date "2024.02.21"]
[Round "5.7"]
[White "Hanley, Craig A"]
[Black "Wells, Peter K"]
[Result "1/2-1/2"]
[ECO "D00"]
[WhiteElo "2431"]
[BlackElo "2341"]
[Annotator "TA"]
[PlyCount "26"]
[EventDate "2024.02.18"]
[EventType "swiss"]
[EventCountry "ENG"]
[SourceTitle "playchess.com"]
[Source "ChessBase"]
[SourceQuality "1"]
[TimeControl "5400+30"]

1. d4 Nf6 2. Bf4 d5 3. e3 c5 4. c3 Nc6 5. Nd2 Bf5 6. Ngf3 Qb6 7. Nh4 {[%emt 0:01:57] [#] Hoping for dxc5.} Be4 8. f3 {[%emt 0:12:11] White is slightly better.} Bg6 9. Nxg6 hxg6 10. Qa4 (10. g4 $11) 10... cxd4 $15 (10... Qxb2 $2 {loses.} 11. Rb1 Qxc3 12. Rxb7 Qc1+ (12... cxd4 $2 13. Bb5 $18) 13. Ke2 cxd4 14. Rc7 d3+ 15. Kxd3 $18) 11. cxd4 {[%emt 0:10:31] [#]} Nh5 $1 12. Bb5 Nxf4 13. exf4 a6 {[%emt 0:06:45] White got outplayed after the opening.   Weighted Error Value: White=0.21 (precise) /Black=0.08 (flawless) .  Mistake:       	White=1     	---        Inaccurate:     	White=1     	Black=2      OK:         	White=2     	Black=4      Strong:       	---       	Black=1} 1/2-1/2

[Event "2nd Cambridge Open 2024"]
[Site "Cambridge"]
[Date "2024.02.21"]
[Round "5.8"]
[White "Haubro, Martin"]
[Black "Rushbrooke, Remy"]
[Result "1-0"]
[ECO "A50"]
[WhiteElo "2418"]
[BlackElo "2049"]
[Annotator "RC"]
[PlyCount "49"]
[EventDate "2024.02.18"]
[EventType "swiss"]
[EventCountry "ENG"]
[SourceTitle "playchess.com"]
[Source "ChessBase"]
[SourceQuality "1"]
[TimeControl "5400+30"]

1. d4 Nf6 2. c4 Nc6 3. Nc3 e5 4. d5 Ne7 5. Nf3 Ng6 6. h4 h5 7. Bg5 Bc5 8. a3 a5 9. e3 d6 10. Ne4 Bf5 11. Nfd2 Nf8 12. Bxf6 gxf6 13. Qf3 Bxe4 14. Nxe4 Nd7 15. Qf5 Qe7 16. Be2 Qf8 17. Bxh5 Qg7 18. Bg4 Rd8 19. h5 Rh6 20. Ke2 Nf8 21. b4 axb4 22. axb4 Bxb4 23. Rhb1 Bc5 24. Nxc5 dxc5 25. Rxb7 1-0

[Event "2nd Cambridge Open 2024"]
[Site "Cambridge"]
[Date "2024.02.21"]
[Round "5.10"]
[White "Martyn, Rafe"]
[Black "Vardanyan, Aras"]
[Result "0-1"]
[ECO "B67"]
[WhiteElo "2206"]
[BlackElo "2284"]
[Annotator "TA"]
[PlyCount "128"]
[EventDate "2024.02.18"]
[EventType "swiss"]
[EventCountry "ENG"]
[SourceTitle "playchess.com"]
[Source "ChessBase"]
[SourceQuality "1"]
[TimeControl "5400+30"]

1. e4 c5 2. Nf3 d6 3. d4 cxd4 4. Nxd4 Nf6 5. Nc3 Nc6 6. Bg5 e6 7. Qd2 a6 8. O-O-O Bd7 9. f4 h6 10. Bh4 Be7 11. Nf3 b5 (11... Qc7 $14) 12. Bxf6 gxf6 {[%emt 0:01:59] [#]} 13. f5 $1 Qb6 {[%emt 0:02:28] Weiß steht etwas besser.} 14. fxe6 fxe6 15. g3 Rc8 16. Bh3 Qc5 ({Vorzuziehen ist} 16... Ne5 $11 17. Nd4 f5) 17. Kb1 (17. Ne2 $1 $14) 17... Qh5 (17... Ne5 $1 $11 {hält das Gleichgewicht.} 18. Nd4 Nc4) 18. Qg2 (18. Nh4 $16) 18... Na5 (18... Ne5 $14 19. Nd2 Nf7) 19. Ne2 $1 $16 Nc4 20. Nf4 Qc5 (20... Qf7) 21. Nxe6 $18 (21. Bxe6 Ne3 22. Bxd7+ Kxd7 23. Qh3+ f5 $18) 21... Qb4 22. c3 Na3+ 23. Ka1 Qxe4 24. Ned4 {[%emt 0:00:20] Gegen Nc2+ gerichtet.} Nc4 25. Rhe1 Qb7 26. Bxd7+ Qxd7 27. Ne6 Qb7 28. Qe2 Kf7 29. Nfd4 h5 30. Rf1 b4 $2 (30... Ne5 31. Ng5+ Kg8) 31. cxb4 Qxb4 32. Rc1 Qd2 {[%emt 0:01:07] Lässt Ng5+ nicht zu} (32... Qxb2+ $142 33. Qxb2 Nxb2 34. Rxc8 (34. Kxb2 h4 $18) 34... Rxc8 35. Kxb2 Rg8) 33. Ng5+ {[%emt 0:02:39] Hervorragende Reitkunst.} (33. Rxc4 $2 Qxe2 34. Ng5+ Kg6 35. Nxe2 Rxc4 $19) 33... Kg6 34. Qe4+ (34. Rxc4 $2 Qxe2 (34... Qxg5 $2 35. Qe4+ f5 36. Nxf5 $18) 35. Nxe2 Rxc4 $19) 34... Kh6 35. Nf5+ (35. Qxe7 $2 Qxb2#) 35... Kxg5 36. h4+ (36. Nxe7 $2 Qxb2#) 36... Kg6 37. Nxd6+ Kh6 38. Nf5+ Kg6 39. Rxc4 Rxc4 40. Qxc4 (40. Nxe7+ $142 Kf7 41. Qxc4+ Kxe7 42. Qc7+ (42. Qxa6 Re8 $18) 42... Ke8 43. Qc6+ (43. Rxf6 $2 Qe1+) 43... Qd7 44. Qxf6 (44. Qxa6 Rh6 $18) (44. Re1+ Kd8 $18) 44... Qe7 45. Qxh8+ Kd7 46. Qxh5) 40... Bd6 41. Qe4 {[%emt 0:00:35] Es drohte Re8} (41. Qxa6 $2 Rb8 42. Rb1 Be5 (42... Kxf5 $2 43. Qf1+ Kg6 44. Qe1 $19) 43. Ne7+ Kh7 $19) 41... Be5 42. Ne3+ $2 (42. Nd6+ Kh6 43. Nf7+ Kg7 44. Nxe5 (44. Nxh8 $2 Qxb2#) 44... Rf8 45. Qg6+ Kh8 46. Nf7+ (46. Rxf6 Qe1+ 47. Qb1 Qxb1+ 48. Kxb1 Rxf6 $17) (46. Qxh5+ Kg7 47. Qg6+ Kh8 48. Nf7+ Rxf7 49. Qxf7 Qd8 50. Re1 a5 51. Re8+ Qxe8) 46... Rxf7 47. Qxf7) 42... Kh6 $16 43. Nf5+ $2 (43. Nc4 $16 Qd4 44. Qe2) 43... Kg6 44. Ne3+ $2 (44. Nd6+ $1 {setzt Matt} Kh6 45. Nf7+ Kg7 46. Nxe5 (46. Nxh8 $2 Qxb2#) 46... Rf8 47. Qg6+ Kh8 48. Qxh5+ (48. Rxf6 Qe1+ 49. Qb1 Qxb1+ 50. Kxb1 Rxf6 $17) 48... Kg8 49. Qg6+ Kh8 50. Nf7+ (50. Rxf6 Qe1+ 51. Qb1 Qxb1+ 52. Kxb1 Rxf6 $16) 50... Rxf7 51. Qxf7) 44... Kh6 {[%emt 0:00:02] Das Brett brennt.} 45. Nc4 Qd4 46. Qe2 Rb8 (46... Bxg3 $2 47. Ne3 Qe5 48. Qc2 $18) (46... Re8 $16) 47. Nxe5 $18 Qxe5 {[%emt 0:00:07][%mdl 4096] Endspiel. KQR-KQR} 48. Qf2 (48. Qxa6 $2 Qxb2#) (48. Qxe5 $18 fxe5 49. Rf6+ Kh7 50. Rxa6) 48... Kg6 49. a3 a5 50. Re1 (50. Qc2+ $16 Kg7 51. Rd1) 50... Rxb2 $1 $11 {[%emt 0:00:34] ( -> ...Re2+)} 51. Rxe5 Rxf2 52. Rxa5 {[%emt 0:00:08] KR-KR} Rf3 53. Kb2 Rxg3 54. Rb5 Rg4 55. Rb4 f5 {[%emt 0:00:13] ...f4 ist eine echte Drohung.} 56. Kc3 f4 57. a4 ({Günstiger ist} 57. Kd3 $11) 57... f3 (57... Rxh4 58. a5 $11) (57... Rg3+ $1 $15 58. Kd2 Kf5) 58. Rxg4+ $4 (58. Rb8 $11) 58... hxg4 {[%emt 0:00:05] KPP-KPP} 59. Kd2 g3 60. Ke3 {[%emt 0:00:11] [#]} g2 $1 (60... f2 61. Ke2 Kf5 (61... Kh5 62. a5 $11) 62. a5 $11) 61. Kf2 Kh5 62. a5 Kxh4 63. a6 {[%emt 0:00:06] [#]} Kh5 $4 (63... Kh3 $1 64. a7 Kh2 65. Kxf3 g1=Q (65... g1=B 66. a8=Q) 66. a8=Q Qh1+ 67. Kf4 Qxa8 68. Ke5 Qd8 69. Ke6 Kg3 70. Ke5 Kf3 71. Ke6 Kf4 72. Kf7 Kf5 73. Kg7 Qe7+ 74. Kh6 Qd7 75. Kh5 Qh7#) 64. Kg1 (64. Kxf3 {führt zum Matt.} g1=Q (64... g1=B 65. Kf4 $11) 65. Ke4 Qg6+ 66. Ke5 Qxa6 67. Kd5 Qb5+ 68. Kd4 Kg5 69. Kc3 Kg4 70. Kd4 Kf4 71. Kc3 Ke3 72. Kc2 Qb4 73. Kc1 Kd3 74. Kd1 Qd2#) 64... Kh4 {[%emt 0:00:00][%mdl 32768] Eine wilde Partie.   Gewichteter Fehlerwert: Weiß=0.69/Schwarz=0.77.  Verlustzug:     	Weiß=1     	---        Gewinn verpasst:   	Weiß=1     	---        Fehler:       	Weiß=5     	Schwarz=7     Ungenau:       	Weiß=1     	Schwarz=3     OK:         	Weiß=11    	Schwarz=4     Bester:       	Weiß=5     	Schwarz=2     Stark:        	---       	Schwarz=1    . Fehler vom Sensorbrett (Ke4/e5)?} 0-1

[Event "2nd Cambridge Open 2024"]
[Site "Cambridge"]
[Date "2024.02.21"]
[Round "5.11"]
[White "Woltery, Nicolai"]
[Black "Golubovic, Boris"]
[Result "1/2-1/2"]
[ECO "D79"]
[WhiteElo "1979"]
[BlackElo "2342"]
[Annotator "TA"]
[PlyCount "52"]
[EventDate "2024.02.18"]
[EventType "swiss"]
[EventCountry "ENG"]
[SourceTitle "playchess.com"]
[Source "ChessBase"]
[SourceQuality "1"]
[TimeControl "5400+30"]

1. c4 Nf6 2. Nc3 g6 3. g3 c6 4. d4 d5 5. cxd5 cxd5 6. Bg2 Bg7 7. Nf3 O-O 8. O-O e6 9. Bf4 Bd7 10. Qb3 Bc6 11. Ne5 Nfd7 12. Nf3 Nb6 13. Be5 f6 14. Bxb8 Rxb8 15. Nd2 f5 16. e3 g5 17. Ne2 Qd6 18. Rfe1 Kh8 19. a4 Nd7 20. Qa3 Qxa3 21. Rxa3 Rfc8 22. Raa1 Bf8 23. Reb1 {[%emt 0:03:14] Die Stellung ist ausgeglichen.} Bb4 24. Nf3 h6 25. h4 g4 26. Ne1 Kg7 {[%emt 0:02:42] Nicht viel passiert in dieser Partie.   Gewichteter Fehlerwert: Weiß=0.08 (makellos) /Schwarz=0.06 (makellos) .  Ungenau:       	Weiß=2     	Schwarz=2     OK:         	Weiß=5     	Schwarz=9} 1/2-1/2

[Event "2nd Cambridge Open 2024"]
[Site "Cambridge"]
[Date "2024.02.21"]
[Round "5.12"]
[White "Hagesather, Nina"]
[Black "Dishman, Stephen"]
[Result "0-1"]
[ECO "B19"]
[WhiteElo "1973"]
[BlackElo "2273"]
[Annotator "TA"]
[PlyCount "153"]
[EventDate "2024.02.18"]
[EventType "swiss"]
[EventCountry "ENG"]
[SourceTitle "playchess.com"]
[Source "ChessBase"]
[SourceQuality "1"]
[TimeControl "5400+30"]

1. e4 c6 2. d4 d5 3. Nc3 dxe4 4. Nxe4 Bf5 5. Ng3 Bg6 6. Nf3 Nd7 7. h4 h6 8. h5 Bh7 9. Bd3 Bxd3 10. Qxd3 e6 11. Bd2 Ngf6 12. Ne4 {[%emt 0:02:43] B19: Caro-Kann (Hauptvariante).} Be7 13. Nxf6+ Nxf6 14. O-O-O c5 15. Qb5+ Qd7 16. Qxd7+ Nxd7 17. Be3 cxd4 18. Nxd4 a6 19. g4 $146 ({Predecessor:} 19. Nb3 Rc8 20. f3 Rc7 21. Rhe1 Nf6 22. g4 O-O 23. Bf4 Rc4 24. Be5 {½-½ Medarde Santiago,L (2341)-Peralta,F (2569) Compostela Masters 1st 2018 (1)}) 19... Nf6 20. f3 Nd5 21. Bd2 Rc8 22. Ne2 O-O 23. Nc3 Nb6 24. Ne4 (24. Bf4 $5) 24... Nc4 25. Bc3 f5 26. gxf5 $1 exf5 27. Rd7 $1 Rf7 $1 28. Nd2 Bg5 29. Rd4 Be3 30. Rd3 $1 Rfc7 31. Re1 (31. Kb1 $15 Na3+ 32. Ka1) 31... f4 $17 32. Kb1 Na3+ 33. bxa3 (33. Kc1 Nb5 34. Kd1 Nxc3+ 35. bxc3 Rxc3 36. Rxc3 Rxc3 $17) 33... Rxc3 34. Rxc3 Rxc3 35. Ne4 Rxa3 36. Rd1 (36. Kb2 $17 {war angesagt.} Ra5 37. Rh1) 36... Ra5 $1 $19 37. Rd8+ Kh7 38. Rd7 Rb5+ (38... Rxh5 39. Nf6+ (39. Rxb7 $2 Rh3 $19) 39... Kg6 40. Nxh5 Kxh5 41. Rxg7 $16) 39. Ka1 Kg8 $1 ({Nicht} 39... Rxh5 40. Nf6+ (40. Rxb7 $2 Rh3 $19) 40... Kg6 41. Nxh5 Kxh5 42. Kb2 $11 (42. Rxg7 $2 Bd4+ 43. Kb1 Bxg7 $19)) 40. c4 Rxh5 41. Rxb7 Re5 42. Kb2 h5 43. Kc3 h4 44. Rb2 (44. Rb8+ $142 Kh7 45. Rb1) 44... h3 $19 45. Rh2 Rh5 46. Kb4 a5+ 47. Ka4 Bg1 48. Rh1 h2 49. c5 (49. Nd2 $142) 49... Kf8 50. Kxa5 Ke7 51. Kb6 g5 $2 (51... Re5 52. Nc3 Rxc5 (52... Bxc5+ $2 53. Kc6 $19)) 52. Kb7 $2 (52. a4) 52... g4 $19 53. fxg4 {[%emt 0:00:59] [#]} Re5 $2 (53... Rd5 $1 $19 {[%cal Of4f3] ...f3! ist eine echte Drohung.} 54. c6 f3) 54. Nd2 $1 $11 Rxc5 55. Nf3 Rc2 (55... Ra5 {vereinfacht} 56. Nxh2 Bf2 57. Nf3 Ra3) 56. Nxg1 hxg1=Q ({Keinesfalls} 56... hxg1=B 57. Rxg1 Rxa2 58. Kc6 $17) 57. Rxg1 Rxa2 58. Kc6 $2 {[%emt 0:00:00] [#]} (58. g5 $1 $11 {und Weiss steht sicher.}) 58... Kf6 $2 (58... Ke6 $1 $19 59. Kc5 Ke5 60. Re1+ Kf6) 59. g5+ $1 $11 Kg6 (59... Kf5 $5 60. g6 $8 Ra6+ 61. Kd5 Rxg6 62. Rxg6 Kxg6 $11) 60. Kd5 Re2 61. Kd4 f3 62. Kd3 Kf5 63. g6 $1 Rg2 64. Rf1 $2 (64. Ra1 $11) 64... Kf4 $1 ({Minderwertig wäre} 64... Kxg6 65. Rxf3 Ra2 66. Rf4 $11) 65. Ra1 Rxg6 66. Ra8 Rd6+ 67. Kc2 Kg3 68. Rg8+ Kh2 69. Rf8 Kg2 70. Rg8+ Kf1 71. Rf8 f2 72. Rf7 Rd5 73. Kc1 Ke2 74. Re7+ Kf3 75. Rf7+ Ke3 76. Kc2 Rd4 77. Rf5 0-1

[Event "2nd Cambridge Open 2024"]
[Site "Cambridge"]
[Date "2024.02.21"]
[Round "5.13"]
[White "Gasanov, Eldar"]
[Black "Hanache, Kai"]
[Result "1-0"]
[ECO "D96"]
[WhiteElo "2487"]
[BlackElo "1926"]
[Annotator "TA"]
[PlyCount "45"]
[EventDate "2024.02.18"]
[EventType "swiss"]
[EventCountry "ENG"]
[SourceTitle "playchess.com"]
[Source "ChessBase"]
[SourceQuality "1"]
[TimeControl "5400+30"]

1. d4 Nf6 2. c4 g6 3. Nc3 d5 4. Nf3 Bg7 5. Qb3 c6 6. cxd5 cxd5 7. Bg5 e6 8. e3 O-O 9. Bd3 Nc6 10. O-O a6 11. Rfc1 h6 12. Bh4 b5 {[%emt 0:05:08] Inhibits Na4.} (12... g5 $11 {keeps the balance.} 13. Bg3 Nh5) 13. Ne5 Ne7 (13... Bd7 $142) 14. a4 $16 {[%emt 0:03:41] White is much more active. The black rooks are passive.} bxa4 15. Nxa4 g5 16. Bg3 Nh5 $2 (16... Ra7 17. h3 Ne4) 17. Nb6 $18 Rb8 {[%emt 0:01:43][%cal Ba8b8,Bb8b6,Bb6d6][%mdl 32] [#] White must now prevent ...Nxg3.} 18. Nc6 Rxb6 19. Nxe7+ (19. Nxd8 $2 Rxb3 20. Bd6 Rxd8 $19) 19... Kh8 20. Qa3 {[%emt 0:00:56] White is clearly winning.} Nxg3 21. Rxc8 ({But not} 21. Nxc8 Rb8 22. Ne7 (22. Bxa6 Ne4 $16) (22. fxg3 Rxc8 23. Bxa6 Ra8 $14) (22. Qxa6 Nf5 $16) 22... Ne4 23. Bxe4 (23. Bxa6 Rb6 $16) (23. Nc6 Qb6 $18) 23... dxe4 $18) 21... Qd6 22. Qxd6 ({Weaker is} 22. fxg3 Qxa3 23. bxa3 (23. Rxa3 Rb7 $16) 23... Rxc8 24. Nxc8 Rc6 $18) 22... Rxd6 23. hxg3 {[%emt 0:00:06] Weighted Error Value: White=0.08 (flawless) /Black=0.49.  Mistake:       	---       	Black=3      Inaccurate:     	White=1     	Black=1      OK:         	White=6     	Black=4      Best:        	White=3     	Black=1} 1-0

[Event "2nd Cambridge Open 2024"]
[Site "Cambridge"]
[Date "2024.02.21"]
[Round "5.14"]
[White "Pereslavtsev, Alexandr"]
[Black "Bharat Kumar, Balahari"]
[Result "1-0"]
[ECO "D37"]
[WhiteElo "1696"]
[BlackElo "1995"]
[Annotator "RC"]
[PlyCount "81"]
[EventDate "2024.02.18"]
[EventType "swiss"]
[EventCountry "ENG"]
[SourceTitle "playchess.com"]
[Source "ChessBase"]
[SourceQuality "1"]
[TimeControl "5400+30"]

1. d4 d5 2. c4 e6 3. Nc3 a6 4. cxd5 exd5 5. Nf3 Nf6 6. Bg5 c6 7. Qc2 Be6 8. e3 Nbd7 9. Bd3 h6 10. Bh4 g5 11. Bg3 Nh5 12. Be5 Nxe5 13. Nxe5 Bd6 14. Qe2 Nf6 15. Rc1 Qe7 16. Na4 Bxe5 17. dxe5 Nd7 18. Qd2 b5 19. Nc3 Nxe5 20. Bb1 Qf6 21. b3 h5 22. Ne2 h4 23. f4 gxf4 24. exf4 Ng4 25. h3 Nh6 26. Rxc6 Nf5 27. O-O Rg8 28. Re1 Qg7 29. g4 Ne7 30. Rxe6 fxe6 31. Nd4 Rc8 32. Rxe6 Kd7 33. Nf5 Nxf5 34. Bxf5 Kc7 35. Qa5+ Kb8 36. Rb6+ Ka8 37. Rxa6+ Kb8 38. Ra8+ Kb7 39. Qa6+ Kc7 40. Ra7+ Kd8 41. Qd6+ 1-0

[Event "2nd Cambridge Open 2024"]
[Site "Cambridge"]
[Date "2024.02.22"]
[Round "5.15"]
[White "Bradbury, Neil H"]
[Black "Jermy, Jaden"]
[Result "1/2-1/2"]
[ECO "E05"]
[WhiteElo "2217"]
[BlackElo "1968"]
[Annotator "RC"]
[PlyCount "77"]
[EventDate "2024.02.18"]
[EventType "swiss"]
[EventCountry "ENG"]
[SourceTitle "playchess.com"]
[Source "ChessBase"]
[SourceQuality "1"]
[TimeControl "5400+30"]

1. d4 Nf6 2. c4 e6 3. Nf3 d5 4. g3 Be7 5. Bg2 O-O 6. O-O dxc4 7. Ne5 Nc6 8. Nxc6 bxc6 9. Nc3 Nd5 10. e4 Nb4 11. Be3 Rb8 12. Rb1 Ba6 13. Qd2 Nd3 14. Rfd1 c5 15. dxc5 Bxc5 16. Bf1 Qe7 17. b3 Bb4 18. Qc2 Bc5 19. Bxc5 Qxc5 20. Na4 Qa5 21. Bxd3 cxd3 22. Qc5 Qb4 23. Qxb4 Rxb4 24. Nc5 Bb5 25. a4 Bc6 26. f3 Rd8 27. Rxd3 Rxd3 28. Nxd3 Rb8 29. Nc5 f5 30. Kf2 fxe4 31. fxe4 Rb4 32. Ke3 Kf7 33. Rc1 e5 34. Rc3 Ke7 35. Rd3 a5 36. Rd2 g5 37. h4 g4 38. Rd3 h5 39. Rd2 1/2-1/2